 Dungeon Crawl Stone Soup version 0.18.1-50-g88ac8fd (webtiles) character file.

231 shiningwizard the Ducker (level 5, 0/53 HPs)
             Began as a Troll Fighter on Dec 1, 2016.
             Was an Initiate of Okawaru.
             Slain by a scorpion (5 damage)
             ... on level 4 of the Dungeon.
             The game lasted 00:19:39 (1833 turns).

shiningwizard the Ducker (Troll Fighter)            Turns: 1833, Time: 00:19:39

Health: 0/53       AC:  5    Str: 30    XL:     5   Next: 72%
Magic:  4/4        EV:  8    Int:  4    God:    Okawaru [......]
Gold:   308        SH:  9    Dex:  9    Spells: 0 memorised, 4 levels left

rFire  . . .     SeeInvis .     a - +0 flail
rCold  . . .     Gourm    +     b - +0 robe
rNeg   . . .     Faith    .     c - +0 shield
rPois  .         Spirit   .     (helmet restricted)
rElec  .         Dismiss  .     (no cloak)
rCorr  .         Reflect  .     (gloves unavailable)
SustAt .         Harm     .     (boots unavailable)
MR     .....                    (no amulet)
Stlth  +.........               (no ring)
                                (no ring)

@: mighty, not resistant to hostile enchantments, very unstealthy
A: unfitting armour, claws 3, fast metabolism 3, gourmand, regeneration 2,
shaggy fur 1, tough skin 2
a: Renounce Religion


You were on level 4 of the Dungeon.
You worshipped Okawaru.
Okawaru was noncommittal.
You were not hungry.

You visited 1 branch of the dungeon, and saw 4 of its levels.

You collected 308 gold pieces.

Inventory:

Hand Weapons
 a - a +0 flail (weapon)
 g - a cursed -3 dagger
 r - a +0 rapier
 u - a +2 flail of protection
Armour
 b - a +0 robe (worn)
 c - a +0 shield (worn)
Jewellery
 f - an uncursed amulet of regeneration {unknown}
 t - an uncursed amulet of guardian spirit {unknown}
Scrolls
 h - 2 scrolls of identify
 j - a scroll of teleportation
 l - 2 scrolls of remove curse {unknown}
 n - a scroll of noise {unknown}
 o - a scroll of enchant armour {unknown}
Potions
 d - 2 potions of might
 e - a potion of berserk rage
 m - 2 potions of curing {unknown}
 q - a potion of magic {unknown}
 v - a potion of brilliance {unknown}
Comestibles
 i - a bread ration
 k - 2 meat rations
 p - a royal jelly
 s - a beef jerky


   Skills:
 + Level 3.0 Fighting
 + Level 2.6 Maces & Flails
 + Level 3.9 Dodging
 + Level 1.0 Stealth
 + Level 3.1 Shields


You had 4 spell levels left.
You didn't know any spells.

Dungeon Overview and Level Annotations

Branches:
Dungeon (4/15)
 Temple: D:4-7

Altars:
Fedhas
Okawaru
Ru


Innate Abilities, Weirdness & Mutations

You are too large for most types of armour.
You have claws for hands.
Your metabolism is lightning-fast.
You like to eat raw meat.
You heal very quickly.
You are covered in fur (AC +1).
You have very tough skin (AC +2).


Message History

You feel very mighty all of a sudden. Something hits you but does no damage.
The orc priest casts a cantrip, but nothing happens.
You miss something. Something hits you but does no damage.
You block something's attack.
You barely miss something. Something hits you but does no damage.
You barely miss something.
You hear some strange, mumbled words.
Something tries to affect you, but you resist.
You closely miss something. You block something's attack. Something hits you.
You miss something.
The orc priest invokes the aid of Beogh against you.
Reactivating autopickup.
The orc priest invokes the aid of Beogh against you.
Beogh smites you!
* * * LOW HITPOINT WARNING * * *
You sock the scorpion!
The scorpion is almost dead.
The scorpion stings you.
You die...

### ..# ##... #.# ....
..#### #.... .....# #...#
..)#.# #...# #..#.# #...#
...#.## #..w##########
......# #..os@.......#
##.#..######...#####....##
#........................#.
#..........................#
#.##........................
#.....#.####...###.........#
......#.###.............####
#..####.##.......####...#
#....>..###.....## ...# ##


You could see a scorpion, an orc priest and a dart slug.

Vanquished Creatures
  A crimson imp (D:3)
  A hound (D:4)
  An orc priest (D:4)
  A giant frog skeleton (D:4)
  3 adders (D:3)
  An ooze (D:1)
  A worm (D:2)
  A dart slug (D:1)
  A giant gecko (D:3)
  6 orcs
  2 giant cockroaches
  6 goblins
  7 hobgoblins
  12 jackals
  3 kobolds
  A quokka (D:3)
  4 bats
  A giant gecko skeleton (D:4)
  4 giant newts
  10 rats
  2 fungi (D:3)
69 creatures vanquished.

Vanquished Creatures (others)
  An orc wizard (D:4)
1 creature vanquished.

Grand Total: 70 creatures vanquished

Notes
Turn   | Place    | Note
--------------------------------------------------------------
     0 | D:1      | shiningwizard the Troll Fighter began the quest for the Orb.
     0 | D:1      | Reached XP level 1. HP: 22/22 MP: 0/0
   413 | D:1      | Reached XP level 2. HP: 21/29 MP: 1/1
   662 | D:2      | Found an iron altar of Okawaru.
   680 | D:2      | Reached XP level 3. HP: 36/36 MP: 2/2
  1124 | D:3      | Reached XP level 4. HP: 41/44 MP: 3/3
  1153 | D:2      | Became a worshipper of Warmaster Okawaru
  1227 | D:3      | Found a sacrificial altar of Ru.
  1551 | D:4      | Reached XP level 5. HP: 45/52 MP: 4/4
  1634 | D:4      | Found a blossoming altar of Fedhas.
  1823 | D:4      | Reached skill level 1 in Stealth
  1833 | D:4      | Slain by a scorpion

Skill      XL: |  1  2  3  4  5 |
---------------+----------------+-----
Maces & Flails | 2 |  2.6
Dodging        | 3 |  3.9
Shields        | 3 |  3.1
Fighting       | 3 |  3.0
Stealth        | 1 |  1.0

Action                   |  1- 3 |  4- 6 || total
-------------------------+-------+-------++-------
Melee: Flail             |   164 |   138 ||   302
  Use: Scroll            |     2 |       ||     2
       Potion            |       |     1 ||     1
 Stab: Sleeping          |     4 |       ||     4
  Eat: Bread ration      |     2 |       ||     2
       Meat ration       |       |     1 ||     1
       Beef jerky        |       |     1 ||     1
Armor: Robe              |    65 |    42 ||   107
Dodge: Dodged            |    52 |    39 ||    91
Block: Shield            |    77 |    57 ||   134
